 Dungeon Crawl Stone Soup version 0.32-a0-5-gbffa963729 (webtiles) character file.

Game seed: 17988371481418160225

662 seren the Changeling (level 7, -14/58 HPs)
             Began as a Yellow Draconian Shapeshifter on Jan 13, 2024.
             Killed by an exploding scorpion (48 damage)
             ... ignited by their inner flame
             ... on level 4 of the Dungeon.
             The game lasted 00:08:34 (3022 turns).

seren the Changeling (DrSh)                         Turns: 3022, Time: 00:08:34

Health: -14/58     AC: 11    Str: 18    XL:     7   Next: 30%
Magic:  7/7        EV: 12    Int: 16    God:
Gold:   142        SH:  0    Dex: 11    Spells: 6/6 levels left

rFire   . .          .
                       - Unarmed
rCold   . . .        (no shield)
rNeg    . . .        (body armour unavailable)
rPois   .            r - +2 hat
rElec   .            (no cloak)
rCorr   +            g - +2 pair of gloves
SInv    .            (no boots)
Will    .....        s - amulet of faith
Stlth   +            m - +6 ring of intelligence
HPRegen 0.29/turn    (no ring)
MPRegen 0.10/turn

%: faith
@: lethally poisoned (-14 -> -15), short of breath
A: spit acid, AC +6, unfitting armour, cold-blooded, acid resistance
a: Breathe Acid


You were on level 4 of the Dungeon.
You visited 1 branch of the dungeon, and saw 5 of its levels.

You collected 142 gold pieces.

Inventory:

Missiles
 f - 61 stones (quivered)
 n - 5 darts of dispersal
Armour
 g - a +2 pair of gloves (worn)
 o - an orb of wrath
 r - a +2 hat (worn)
Jewellery
 m - a +6 ring of intelligence (left hand)
 p - a ring of fire
 s - an amulet of faith (around neck)
 v - a ring of ice
Talismans
 b - a beast talisman
 c - a flux talisman
Scrolls
 h - a scroll of teleportation {unknown}
 i - a scroll of revelation {unknown}
 j - a scroll of immolation
 k - 2 scrolls of noise {unknown}
 l - a scroll of enchant weapon {unknown}
 q - a scroll of vulnerability {unknown}
 t - a scroll of blinking {unknown}
 x - a scroll of torment {unknown}
Potions
 e - 2 potions of enlightenment
 u - a potion of curing {unknown}
 w - a potion of cancellation {unknown}


   Skills:
 + Level 3.7 Fighting
 + Level 3.5 Dodging
 + Level 5.1 Unarmed Combat
 * Level 5.2 Shapeshifting


You had 6 spell levels left.
You didn't know any spells.
Your spell library contained the following spells:

 Spells                   Type           Power      Damage    Failure   Level
 Foxfire                  Conj/Fire      0%         2x1d4     26%         1
 Plasma Beam              Fire/Air       0%         2x1d10    100%        6
 Starburst                Conj/Fire      0%         6d3       100%        6


Dungeon Overview and Level Annotations

Branches:
Dungeon (5/15)
 Temple: D:4-7

Altars:
Uskayaw
The Shining One

Shops:
D:1 (

Annotations:
D:3 1 runed translucent door, exclusion: door, Crazy Yiuf
D:5 2 transporters, SoakedWettersCrisps's ghost, novice DjFE


Innate Abilities, Weirdness & Mutations

You can spit globs of acid.
Your golden yellow scales are hard. (AC +6)
You cannot fit into any form of body armour.
You are cold-blooded and may be slowed by cold attacks.
You are resistant to acid. (rCorr)


Message History

You feel extremely sick.
There is a stone staircase leading down here.
As you read the scroll of immolation, it crumbles to dust.
The creatures around you are filled with an inner flame!
You feel very sick. The scorpion misses you.
Blork the orc hits you with a +0 dire flail.
* * * LOW HITPOINT WARNING * * *
You feel sick. The scorpion closely misses you.
Blork the orc curses loudly, as Orcs often do.
You feel very sick. The scorpion closely misses you.
You feel sick. The scorpion attacks as it pursues you!
The scorpion stings you but does no damage.
Blork the orc gestures at you while chanting.
The puff of flame misses you.
You feel sick. The scorpion attacks as it pursues you!
The scorpion stings you but does no damage.
Press: ? - help, Shift-Dir - straight line, f - Blork the orc
Aim: Blork the orc, wielding a +0 dire flail and wearing a +0 robe (inner flame, 69% to hit)
You spit a glob of acid.
The glob of acid hits Blork the orc!!
The acid corrodes Blork the orc!
Flame seeps out of Blork the orc.
Blork the orc is severely wounded.
You feel sick. The scorpion stings you.
* * * LOW HITPOINT WARNING * * *
Blork the orc is engulfed in blazing flames.
Blork the orc explodes!
You feel sick. The scorpion attacks as it pursues you!
The scorpion stings you but does no damage.
It was a potion of heal wounds.
You feel much better.
You feel sick.
The scorpion stings you but does no damage.
The scorpion closely misses you.
You punch the scorpion!
Flame seeps out of the scorpion.
The scorpion is heavily wounded.
You feel sick.
The scorpion is engulfed in blazing flames.
The scorpion explodes!
The fiery explosion engulfs you!!!
Ouch! That really hurt!
You die...

...............................#
.#####.#.......................#
..####...#.###................)#
#.............................>#
##...#..#..............#.......#
##.#[..##...##.)...........#####
.......##...##.)####...#....#
##.#.#.##...###[.##...##.#.##
#.#.#.##...# ##@#...###....##
#.#.#.##...# #○§.§§....#...##
##.#.#.##(..# ##§§)§##..###..##
#..#.#.##...# ##.§§##..###...##
..##...###### #..............#
.####.....# ##...>........... ##
##....# #................ .##
#....# #................ ..#
#....# #...............#


There were no monsters in sight!

Vanquished Creatures
  A water moccasin (D:4)
  2 ogres (D:4)
  A centaur (D:4)
  Blork the orc (D:4)
  A scorpion (D:4)
  An orc priest (D:3)
  A sleepcap (D:4)
  2 iguanas (D:4)
  An orc wizard (D:3)
  2 adders
  A dart slug (D:2)
  A ribbon worm (D:3)
  15 orcs
  6 ball pythons
  4 bats
  2 endoplasms
  4 giant cockroaches
  7 goblins
  6 hobgoblins
  6 jackals
  A frilled lizard (D:3)
  6 kobolds
  7 rats
79 creatures vanquished.

Notes
Turn   | Place    | Note
-------+----------+-------------------------------------------
     0 | D:1      | seren the Draconian Shapeshifter began the quest for the
                  | Orb.
     0 | D:1      | Reached XP level 1. HP: 16/16 MP: 1/1
   301 | D:1      | Reached XP level 2. HP: 21/23 MP: 2/2
   334 | D:1      | Found Bawoir's Weapon Shoppe.
   467 | D:1      | Noticed an eye of devastation
   494 | D:1      | Found a faded altar of an unknown god.
   495 | D:1      | Noticed a shining eye
   499 | D:1      | Noticed a shining eye
   503 | D:1      | Noticed a shining eye
   999 | D:2      | Reached XP level 3. HP: 21/29 MP: 3/3
  1561 | D:3      | Reached XP level 4. HP: 29/36 MP: 4/4
  1597 | D:3      | Found a faded altar of an unknown god.
  1703 | D:3      | Found a runed translucent door.
  1704 | D:3      | Noticed Crazy Yiuf
  1806 | D:3      | Found a glowing golden altar of the Shining One.
  1932 | D:4      | Noticed an ogre
  1945 | D:4      | Killed an ogre
  1946 | D:4      | Reached XP level 5. HP: 32/42 MP: 5/5
  1959 | D:4      | Noticed an ogre
  2104 | D:4      | Killed an ogre
  2105 | D:4      | Reached XP level 6. HP: 33/50 MP: 6/6
  2312 | D:3      | Found a hide-covered altar of Uskayaw.
  2671 | D:5      | Entered Level 5 of the Dungeon
  2713 | D:5      | Noticed a water moccasin
  2714 | D:5      | Noticed SoakedWettersCrisps's ghost (novice DjFE)
  2776 | D:5      | Found a transporter.
  2778 | D:5      | Found a transporter.
  2778 | D:5      | Noticed Blork the orc
  2798 | D:4      | Killed a water moccasin
  2866 | D:4      | Reached skill level 5 in Unarmed Combat
  2866 | D:4      | Reached skill level 5 in Shapeshifting
  2866 | D:4      | Your scales start taking on a golden yellow colour.
  2866 | D:4      | Reached XP level 7. HP: 38/57 MP: 7/7
  2866 | D:4      | Gained mutation: You are resistant to acid. (rCorr) [Yellow
                  | Draconian growth]
  3019 | D:4      | Killed Blork the orc
  3022 | D:4      | Killed by an exploding scorpion... ignited by their inner
                  | flame

Illustrated notes

Levels and vault maps discovered:
D:1:      dpeg_arrival_signposts, layout_basic, serial_shops, shop,
          hellmonk_ecumenical_altar_watching_god
D:2:      layout_basic
D:3:      layout_rooms, tso_metal_star, nicolae_overflow_ecumenical_swirl,
          uniq_crazy_yiuf_cottage
D:4:      layout_rooms
D:5:      layout_basic, xom_confusion_cloud, gammafunk_ghost_smash,
          skrybe_limestone_x, kennysheep_big_empty_room, minivault_1,
          uniq_blork_the_orc

Skill      XL: |  1  2  3  4  5  6 |
---------------+-------------------+-----
Dodging        | 2 3 |  3.5
Fighting       | 2 3 |  3.7
Unarmed Combat | 4 5 |  5.1
Shapeshifting  | 4 5 |  5.2

Action                     |  1- 3 |  4- 6 |  7- 9 || total
---------------------------+-------+-------+-------++-------
  Melee: Unarmed           |    96 |   150 |     5 ||   251
         Tailslap          |    11 |    18 |     3 ||    32
         Punch             |       |     7 |       ||     7
Ability: Begin Untransform |       |     1 |       ||     1
         Breathe Acid      |       |       |     2 ||     2
    Use: Scroll            |     3 |       |     1 ||     4
         Potion            |       |     2 |     1 ||     3
 Armour: Skin              |    59 |   117 |    17 ||   193
  Dodge: Dodged            |    79 |    88 |    10 ||   177

Table legend: (Time is in decaauts)
 A = Elapsed time spent in this place.
 B = Non-inter-level travel time spent in this place.
 C = Inter-level travel time spent in this place.
 D = Time resting spent in this place.
 E = Time spent auto-exploring this place.
 F = Levels seen in this place.
 G = Mean time per level.
                   A        B        C        D        E       F      G
               +--------+--------+--------+--------+--------+-----+--------+
         Total |   3011 |   2731 |    280 |    493 |   1434 |   5 |  602.2 |
       Dungeon |   3011 |   2731 |    280 |    493 |   1434 |   5 |  602.2 |
               +--------+--------+--------+--------+--------+-----+--------+

Top non-repeatable levels by time:
     D:4: 831 daAuts
     D:1: 763 daAuts
     D:3: 686 daAuts
     D:2: 660 daAuts
     D:5: 70 daAuts
